[Event "Titled Tuesday Blitz February 22 Early 2022"]
[White "Dwilewicz, Katarzyna"]
[Black "Djokic, Mihailo"]
[WhiteFideId "1148486"]
[BlackFideId "976440"]
[WhiteElo "1907"]
[BlackElo "2008"]
[Result "0-1"]
[Round "09"]
[TimeControl "180+1"]
[Date "2022.02.22"]
[WhiteClock "0:00:03"]
[BlackClock "0:01:24"]

1. e4 c5 2. Nf3 d6 3. Nc3 Nf6 4. e5 dxe5 5. Nxe5 e6 6. g3 Bd6 7. Nc4 a6 8. Nxd6+ Qxd6 9. Bg2 Nc6 10. O-O O-O 11. d3 Rd8 12. Bf4 Qe7 13. Qe1 Nb4 14. Qe2 Nbd5 15. Nxd5 Nxd5 16. Bd2 Qf6 17. c3 Bd7 18. Rfe1 Bc6 19. h4 h6 20. Rad1 Ne7 21. Bf4 Bxg2 22. Kxg2 Ng6 23. Be3 Qf5 24. Qf3 Qxf3+ 25. Kxf3 Rd5 26. Ke2 Rad8 27. c4 Re5 28. f4 Rf5 29. Rf1 h5 30. Rb1 a5 31. a3 Ne7 32. b4 cxb4 33. axb4 Nc6 34. bxa5 Rxa5 35. Rb2 Ra3 36. Rd1 Na5 37. Bb6 Ra8 38. Bxa5 R8xa5 39. Rxb7 Ra2+ 40. Rd2 Ra1 41. Rb8+ Kh7 42. Rb7 Kg6 43. d4 Rg1 44. Kf2 Raa1 45. d5 Raf1+ 46. Ke2 Re1+ 47. Kd3 Rxg3+ 48. Kc2 Re4 49. d6 Rxc4+ 50. Kb2 Rc8 51. d7 Rd8 52. Rc7 Kf6 53. Rc5 g6 54. Rc8 Ke7 55. Rxd8 Kxd8 56. Kc2 Rg4 57. Kd1 Rxf4 58. Ke2 Rxh4 59. Kf3 Rg4 60. Rd6 Rg5 61. Rd1 Rf5+ 62. Ke4 g5 63. Ke3 h4 64. Ke4 f6 65. Ke3 Re5+ 66. Kf3 f5 0-1


[Site "https://www.chess.com"]

[Event "Titled Tuesday Blitz February 22 Early 2022"]
[White "Dzhaparov, Medet"]
[Black "Zavivaeva, Emilia"]
[WhiteFideId "13803689"]
[BlackFideId "34127531"]
[WhiteElo "1702"]
[BlackElo "1685"]
[Result "1-0"]
[Round "09"]
[TimeControl "180+1"]
[Date "2022.02.22"]
[WhiteClock "0:01:32"]
[BlackClock "0:00:02"]

1. e4 c5 2. Nf3 Nc6 3. d4 cxd4 4. Nxd4 Nf6 5. Nc3 e5 6. Ndb5 d6 7. Bg5 a6 8. Na3 b5 9. Nd5 Be7 10. Nxe7 Qxe7 11. c3 O-O 12. Bd3 h6 13. Bh4 b4 14. Nc2 bxc3 15. bxc3 Qe6 16. Bxf6 Qxf6 17. Ne3 Qg6 18. O-O Ne7 19. Rb1 Be6 20. a3 Qg5 21. Qf3 Ng6 22. Nf5 1-0


[Site "https://www.chess.com"]

[Event "Titled Tuesday Blitz February 22 Early 2022"]
[White "Escudero Donoso, Felipe"]
[Black "Piesik, Piotr"]
[WhiteFideId "3410595"]
[BlackFideId "1136194"]
[WhiteElo "2184"]
[BlackElo "2232"]
[Result "0-1"]
[Round "09"]
[TimeControl "180+1"]
[Date "2022.02.22"]
[WhiteClock "0:00:02"]
[BlackClock "0:01:25"]

1. Nf3 g6 2. c4 Bg7 3. g3 Nc6 4. Bg2 d6 5. Nc3 e5 6. O-O f5 7. d3 Nf6 8. Rb1 a5 9. a3 O-O 10. b4 axb4 11. axb4 h6 12. b5 Ne7 13. Nd2 g5 14. Bb2 Ng6 15. Ra1 Rb8 16. Nd5 Be6 17. Nxf6+ Qxf6 18. f4 gxf4 19. gxf4 Nh4 20. Qe1 Nxg2 21. Kxg2 Kh7 22. Kh1 Rg8 23. Nf3 Qg6 24. Rg1 Qh5 25. fxe5 d5 26. Qh4 Qxh4 27. Nxh4 dxc4 28. d4 Bd5+ 29. Nf3 Bf8 30. Rxg8 Kxg8 31. Kg1 Be7 32. Kf2 Kf7 33. Ke3 Rg8 34. Rg1 Rxg1 35. Nxg1 Bg5+ 36. Kf2 Bd2 37. Nf3 Bxf3 38. exf3 c3 39. Ba3 c2 40. Ke2 c1=Q 41. Bxc1 Bxc1 42. Kd3 Ke6 43. Kc4 b6 44. h3 Bb2 45. f4 Bc1 46. d5+ Kd7 47. e6+ Kd6 48. Kd3 Bxf4 49. Kd4 Bg5 0-1


[Site "https://www.chess.com"]

[Event "Titled Tuesday Blitz February 22 Early 2022"]
[White "Faizrakhmanov, Ramil"]
[Black "Hakemi, Arman"]
[WhiteFideId "24103209"]
[BlackFideId "22520805"]
[WhiteElo "2502"]
[BlackElo "2208"]
[Result "0-1"]
[Round "09"]
[TimeControl "180+1"]
[Date "2022.02.22"]
[WhiteClock "0:00:01"]
[BlackClock "0:00:07"]

1. e4 c5 2. Nf3 e6 3. d4 cxd4 4. Nxd4 Nc6 5. Nc3 Qc7 6. Be3 a6 7. Qd2 Nf6 8. f3 Ne5 9. O-O-O Bb4 10. Nb3 b5 11. Bd4 Be7 12. Kb1 d6 13. f4 Ned7 14. e5 dxe5 15. fxe5 Ng4 16. Bxb5 axb5 17. Nxb5 Qc6 18. Nd6+ Bxd6 19. exd6 Ngf6 20. Bxf6 Nxf6 21. Rhf1 O-O 22. Rxf6 gxf6 23. d7 Bb7 24. Qh6 Qxg2 25. Qxf6 Be4 26. Rd2 Qg1+ 27. Nc1 Rfd8 28. h4 Qg6 29. Qe7 h5 30. b3 Bd5 31. Kb2 Qg7+ 32. Kb1 f5 33. Qc5 Rxd7 34. a4 Rc7 35. Qf2 Rac8 36. Nd3 Be4 0-1


[Site "https://www.chess.com"]

[Event "Titled Tuesday Blitz February 22 Early 2022"]
[White "Fathy, Elameir"]
[Black "Sahin, Handenur"]
[WhiteFideId "10600396"]
[BlackFideId "6334865"]
[WhiteElo "2311"]
[BlackElo "2132"]
[Result "0-1"]
[Round "09"]
[TimeControl "180+1"]
[Date "2022.02.22"]
[WhiteClock "0:00:01"]
[BlackClock "0:00:21"]

1. d4 d5 2. Nf3 Nf6 3. c4 c6 4. g3 Bg4 5. Ne5 Bf5 6. Qb3 Qb6 7. c5 Qc7 8. Bf4 Qc8 9. Bg2 Nbd7 10. Nd2 Nxe5 11. Bxe5 Nd7 12. O-O-O Nxe5 13. dxe5 e6 14. e4 Bg6 15. Qc3 b6 16. exd5 cxd5 17. c6 Bc5 18. b4 Be7 19. Nb3 a5 20. a3 axb4 21. axb4 b5 22. Kb2 Ra4 23. Rd4 Qa6 24. Ra1 O-O 25. Rxa4 bxa4 26. Na5 Rc8 27. Bf3 Qf1 28. Rd2 Qb1+ 29. Ka3 h5 30. Qb2 Qf5 31. Be2 Qxf2 32. Bd3 Qe3 33. Ka2 Bxd3 34. Qc3 Bc4+ 35. Qxc4 0-1


[Site "https://www.chess.com"]

[Event "Titled Tuesday Blitz February 22 Early 2022"]
[White "Fiorito, Fabian"]
[Black "Putri, Regita Desyari"]
[WhiteFideId "100200"]
[BlackFideId "7109083"]
[WhiteElo "2395"]
[BlackElo "1930"]
[Result "1-0"]
[Round "09"]
[TimeControl "180+1"]
[Date "2022.02.22"]
[WhiteClock "0:01:45"]
[BlackClock "0:00:29"]

1. d4 Nf6 2. Nc3 d5 3. Bf4 a6 4. e3 Bf5 5. Bd3 e6 6. h4 Bd6 7. Nge2 Qe7 8. Bxf5 exf5 9. Qd3 g6 10. Bg5 c6 11. h5 Nbd7 12. O-O-O O-O-O 13. Kb1 h6 14. Bf4 Bxf4 15. Nxf4 g5 16. Nfe2 Ne4 17. Rhf1 Qe6 18. f3 Nef6 19. Ng3 Kb8 20. Nxf5 Nxh5 21. g4 Nhf6 22. Rh1 h5 23. Ng7 Qe7 24. gxh5 Nb6 25. h6 Nc4 26. Nf5 Qe6 27. e4 dxe4 28. fxe4 Nb6 29. Rhf1 Ng4 30. Qg3+ Ka7 31. Qxg4 Nc4 32. Qe2 b5 33. d5 cxd5 34. Qf2+ Ka8 35. exd5 Qc8 36. d6 Qc6 37. Ne7 Qd7 38. Qf3+ Ka7 39. Nc6+ 1-0


[Site "https://www.chess.com"]

[Event "Titled Tuesday Blitz February 22 Early 2022"]
[White "Garagulya, Konstantin"]
[Black "Unat, Can Haktan"]
[WhiteFideId "4128931"]
[BlackFideId "6398073"]
[WhiteElo "2329"]
[BlackElo "1980"]
[Result "1-0"]
[Round "09"]
[TimeControl "180+1"]
[Date "2022.02.22"]
[WhiteClock "0:00:31"]
[BlackClock "0:01:19"]

1. d4 Nf6 2. Nf3 e6 3. Bg5 d5 4. Nbd2 h6 5. Bh4 g5 6. Bg3 b6 7. e3 Bb7 8. h4 g4 9. Ne5 h5 10. f3 Nbd7 11. fxg4 Nxe5 12. Bxe5 Bd6 13. gxh5 Rxh5 14. Nf3 Ng4 15. Ng5 f5 16. Nxe6 Qe7 17. Ng7+ Kd7 18. Nxh5 Bxe5 19. dxe5 Qxe5 20. Qd4 Qxd4 21. exd4 Re8+ 22. Kd2 Rh8 23. Nf4 Nf2 24. Rh2 Ne4+ 25. Ke3 c5 26. Bd3 Ng3 27. c3 c4 28. Bc2 Ke7 29. Kf3 Kf6 30. Kxg3 1-0


[Site "https://www.chess.com"]

[Event "Titled Tuesday Blitz February 22 Early 2022"]
[White "Garv Gaur"]
[Black "Muradov, Soltan"]
[WhiteFideId "45030839"]
[BlackFideId "14002108"]
[WhiteElo "1950"]
[BlackElo "1854"]
[Result "1-0"]
[Round "09"]
[TimeControl "180+1"]
[Date "2022.02.22"]
[WhiteClock "0:00:22"]
[BlackClock "0:00:03"]

1. d4 Nf6 2. Nf3 e6 3. c4 b6 4. g3 Bb7 5. Bg2 c5 6. d5 exd5 7. Nh4 d6 8. cxd5 g6 9. O-O Bg7 10. Nc3 O-O 11. e4 a6 12. a4 Re8 13. Re1 Nbd7 14. Nf3 Ng4 15. Bg5 Qc7 16. Qc2 b5 17. axb5 Qb6 18. bxa6 Bxa6 19. Ra3 Qb7 20. Rb3 Qc7 21. Ra1 Bc4 22. Rba3 Rxa3 23. Rxa3 Qb7 24. Nd2 Ba6 25. Qa4 Bd3 26. Rb3 Qc7 27. Qc6 Qa7 28. Ra3 Qb8 29. Qxd7 Ne5 30. Qa4 Qxb2 31. Qxe8+ Bf8 32. Nd1 Qc1 33. Qa4 Bc2 34. Ra1 Bxa4 35. Rxc1 1-0


[Site "https://www.chess.com"]

[Event "Titled Tuesday Blitz February 22 Early 2022"]
[White "Gatterer, Florian"]
[Black "Fakhretdinova, Margarita"]
[WhiteFideId "811688"]
[BlackFideId "24103667"]
[WhiteElo "2218"]
[BlackElo "2208"]
[Result "1-0"]
[Round "09"]
[TimeControl "180+1"]
[Date "2022.02.22"]
[WhiteClock "0:00:36"]
[BlackClock "0:00:03"]

1. b3 Nf6 2. Bb2 e6 3. Nf3 b6 4. g3 Bb7 5. Bg2 Be7 6. O-O d6 7. c4 Nbd7 8. d4 O-O 9. Nc3 a6 10. Rc1 Rc8 11. Re1 Ne4 12. Qc2 Ndf6 13. Nd2 d5 14. Ndxe4 dxe4 15. Nxe4 Nxe4 16. Bxe4 Bxe4 17. Qxe4 Bf6 18. Bc3 Re8 19. Red1 Qe7 20. Qc2 c5 21. dxc5 Bxc3 22. Qxc3 Rxc5 23. Qd2 Rec8 24. a4 Qc7 25. Ra1 h6 26. h4 b5 27. cxb5 axb5 28. a5 Rc2 29. Qe3 Rc3 30. Qd4 Ra8 31. a6 Rc6 32. a7 Rc5 33. b4 Rc4 34. Qd7 1-0


[Site "https://www.chess.com"]

[Event "Titled Tuesday Blitz February 22 Early 2022"]
[White "Gelman, Alexander"]
[Black "Warchol, Kamil"]
[WhiteFideId "4118316"]
[BlackFideId "21858241"]
[WhiteElo "2375"]
[BlackElo "1905"]
[Result "1-0"]
[Round "09"]
[TimeControl "180+1"]
[Date "2022.02.22"]
[WhiteClock "0:00:09"]
[BlackClock "0:00:01"]

1. d4 d6 2. Nc3 e5 3. Nf3 exd4 4. Nxd4 Bd7 5. e4 Nc6 6. Bf4 Nf6 7. Qd2 Be7 8. O-O-O O-O 9. f3 Nh5 10. Be3 Nxd4 11. Qxd4 Bg5 12. Kb1 a5 13. g4 Nf4 14. h4 Ne6 15. Bxg5 f6 16. Bc4 fxg5 17. hxg5 Qxg5 18. Rh3 Kh8 19. Bxe6 Bxe6 20. Rdh1 Bg8 21. a4 Qe5 22. Qd2 Rad8 23. Nd5 c6 24. Ne3 Qf4 25. Qd3 Qe5 26. Rh5 Qf4 27. e5 h6 28. e6 Bxe6 29. g5 Rd7 30. gxh6 g5 31. h7 Rg7 32. Rh6 Bc8 33. Nc4 Qxf3 34. Qxd6 Qf7 35. Ne5 Qe8 36. Ng6+ Rxg6 37. Rxg6 Bd7 38. Qd4+ 1-0


[Site "https://www.chess.com"]

[Event "Titled Tuesday Blitz February 22 Early 2022"]
[White "Ginzburg, Yakov"]
[Black "Sviridova, Vlada"]
[WhiteFideId "4157176"]
[BlackFideId "24109606"]
[WhiteElo "2265"]
[BlackElo "2101"]
[Result "1-0"]
[Round "09"]
[TimeControl "180+1"]
[Date "2022.02.22"]
[WhiteClock "0:00:32"]
[BlackClock "0:00:01"]

1. e4 e6 2. d4 d5 3. Nc3 Bb4 4. Ne2 dxe4 5. a3 Bxc3+ 6. Nxc3 Nc6 7. Bb5 Ne7 8. Bg5 f6 9. Be3 O-O 10. f3 exf3 11. gxf3 Nd5 12. Nxd5 Qxd5 13. Be2 Rd8 14. c3 Ne7 15. Rg1 Nf5 16. Bf2 b5 17. Qc2 a5 18. O-O-O Ba6 19. Kb1 a4 20. Bd3 Qxf3 21. Be4 Qf4 22. Bxa8 Rxa8 23. d5 Bb7 24. Bg3 Nxg3 25. hxg3 Qg4 26. Rd4 Qh3 27. Rh4 Qf5 28. Qxf5 exf5 29. Rd1 Rd8 30. c4 bxc4 31. Rxc4 Bxd5 32. Rxc7 Be4+ 33. Kc1 Rb8 34. Rdd7 Rb3 35. Rxg7+ Kf8 36. Rxh7 Kg8 37. Rcg7+ Kf8 38. Ra7 Kg8 39. Rhc7 Rb8 40. Rxa4 Rd8 41. g4 Kf8 42. gxf5 Bxf5 43. Rh4 Kg8 44. Rf4 Rd5 45. Rb4 1-0


[Site "https://www.chess.com"]

[Event "Titled Tuesday Blitz February 22 Early 2022"]
[White "Glavina, Pablo"]
[Black "Golubenko, Valentina"]
[WhiteFideId "100234"]
[BlackFideId "4501993"]
[WhiteElo "2369"]
[BlackElo "2164"]
[Result "1-0"]
[Round "09"]
[TimeControl "180+1"]
[Date "2022.02.22"]
[WhiteClock "0:00:04"]
[BlackClock "0:00:06"]

1. e4 e6 2. d4 d5 3. Nd2 c5 4. exd5 exd5 5. dxc5 Bxc5 6. Ngf3 Nf6 7. Bd3 O-O 8. O-O h6 9. Nb3 Bd6 10. Nbd4 Nc6 11. Nf5 Bxf5 12. Bxf5 Qc7 13. h3 Rfe8 14. c3 Rad8 15. Be3 Na5 16. Bd3 Ne4 17. Qc2 Nc4 18. Bd4 Bc5 19. Rfe1 f5 20. Rad1 b6 21. b3 Ncd6 22. Rc1 Bxd4 23. cxd4 Qxc2 24. Rxc2 Rc8 25. Rec1 Kf7 26. Ne5+ Ke6 27. Rc7 Rxc7 28. Rxc7 Re7 29. Rc6 Nf6 30. g4 fxg4 31. hxg4 Ne4 32. f3 Ng3 33. Kg2 1-0


[Site "https://www.chess.com"]

[Event "Titled Tuesday Blitz February 22 Early 2022"]
[White "Goldin, Roman"]
[Black "Batsiashvili, Nino"]
[WhiteFideId "2803860"]
[BlackFideId "13602993"]
[WhiteElo "2312"]
[BlackElo "2230"]
[Result "0-1"]
[Round "09"]
[TimeControl "180+1"]
[Date "2022.02.22"]
[WhiteClock "0:00:12"]
[BlackClock "0:00:12"]

1. Nf3 d5 2. e3 c5 3. Bb5+ Bd7 4. Qe2 a6 5. Bxd7+ Nxd7 6. d3 e6 7. e4 Ne7 8. O-O g6 9. Nc3 d4 10. Nb1 b5 11. Ng5 h6 12. Nh3 Bg7 13. f4 O-O 14. Nd2 Qb6 15. g4 Rae8 16. Nf3 f5 17. Qg2 c4 18. Bd2 c3 19. Bc1 fxe4 20. Nh4 cxb2 21. Bxb2 e3 22. Qe4 Nc5 23. Qg2 Na4 24. Rab1 Nxb2 25. Rxb2 Qc6 26. Nf3 Nd5 27. Qg3 Nc3 28. Re1 a5 29. Rb3 a4 30. Rb4 Qc5 31. a3 Nd5 32. Nh4 Nxb4 33. axb4 Qxb4 34. Nxg6 a3 35. Nxf8 Rxf8 36. f5 exf5 37. gxf5 Rxf5 38. Re2 a2 39. Qe1 Qxe1+ 40. Rxe1 Rc5 41. Ra1 Rxc2 42. Nf4 Rb2 0-1


[Site "https://www.chess.com"]

[Event "Titled Tuesday Blitz February 22 Early 2022"]
[White "Goltsev, Dmitry"]
[Black "Dauner, Benedikt"]
[WhiteFideId "24176710"]
[BlackFideId "16225899"]
[WhiteElo "2273"]
[BlackElo "2230"]
[Result "1-0"]
[Round "09"]
[TimeControl "180+1"]
[Date "2022.02.22"]
[WhiteClock "0:01:27"]
[BlackClock "0:00:01"]

1. e4 e5 2. Nf3 Nc6 3. Bb5 a6 4. Ba4 Nf6 5. O-O b5 6. Bb3 Be7 7. Re1 O-O 8. c3 d6 9. d4 Bg4 10. d5 Nb8 11. a4 Nbd7 12. h3 Bxf3 13. Qxf3 Nc5 14. Bc2 bxa4 15. Be3 Nfd7 16. Nd2 Bg5 17. Nc4 Rb8 18. Ra2 Bxe3 19. Nxe3 Qf6 20. Qe2 Rb7 21. Nc4 Rfb8 22. Bxa4 Nxa4 23. Rxa4 Nc5 24. Ra2 Qf4 25. g3 Qh6 26. Kg2 Qg6 27. f3 h5 28. b4 Nd7 29. Rxa6 h4 30. g4 Nf6 31. Kh2 Nh7 32. Ne3 Qf6 33. Kg2 Ng5 34. Rea1 g6 35. Ra7 Qf4 36. Qf2 Kg7 37. Nf1 Rxa7 38. Rxa7 Rc8 39. Qe3 Qf6 40. c4 c6 41. Nd2 cxd5 42. exd5 e4 43. f4 Nh7 44. Nxe4 Qb2+ 45. Qd2 Qb1 46. Qc3+ Kg8 47. Nf2 Re8 48. Ra1 1-0


[Site "https://www.chess.com"]

[Event "Titled Tuesday Blitz February 22 Early 2022"]
[White "Golubka, Petro"]
[Black "Buscar, Michael"]
[WhiteFideId "14114224"]
[BlackFideId "2603616"]
[WhiteElo "2392"]
[BlackElo "2010"]
[Result "1-0"]
[Round "09"]
[TimeControl "180+1"]
[Date "2022.02.22"]
[WhiteClock "0:02:00"]
[BlackClock "0:00:25"]

1. b3 d5 2. Bb2 Nf6 3. e3 Bf5 4. Nf3 c6 5. Be2 e6 6. d3 Nbd7 7. Nbd2 Be7 8. h3 h6 9. O-O a5 10. a3 O-O 11. Re1 Bh7 12. Bf1 Re8 13. e4 dxe4 14. dxe4 Bc5 15. e5 Nd5 16. Ne4 Qb6 17. Nxc5 Qxc5 18. c4 N5b6 19. Qd2 Nf8 20. Bd4 Nxc4 21. bxc4 Qe7 22. Qe3 Red8 23. Bb6 Rd7 24. Bc5 Qe8 25. Bd6 Ng6 26. Bd3 Ne7 27. Bxh7+ Kxh7 28. c5 Nd5 29. Qe4+ Kg8 30. Nd4 Qd8 31. h4 h5 32. g3 g6 33. Kg2 Ra6 34. Ne2 b5 35. Nf4 Rb7 36. Nxd5 cxd5 37. Qd4 Qd7 38. Reb1 Qc6 39. Rb3 Ra8 40. Rab1 Rc8 41. Kg1 a4 42. Rb4 Ra8 43. Qd3 Ra5 44. R1b2 Qa6 45. Qd4 Qc6 46. Kf1 Kg7 47. Ke2 Kg8 48. Kd2 Kg7 49. Kc1 Kg8 50. Kb1 Kg7 51. Ka2 Kg8 52. f3 Kg7 53. g4 hxg4 54. fxg4 Ra8 55. h5 Rh8 56. Qf4 Rh6 57. Qf6+ Kg8 58. Qg5 Kh7 59. Rh2 d4 60. hxg6+ fxg6 61. Qxh6+ 1-0


[Site "https://www.chess.com"]

[Event "Titled Tuesday Blitz February 22 Early 2022"]
[White "Grischuk, Alexander"]
[Black "Zierk, Steven"]
[WhiteFideId "4126025"]
[BlackFideId "2034255"]
[WhiteElo "2762"]
[BlackElo "2494"]
[Result "1-0"]
[Round "09"]
[TimeControl "180+1"]
[Date "2022.02.22"]
[WhiteClock "0:00:39"]
[BlackClock "0:00:17"]

1. e4 c5 2. Nc3 Nc6 3. Nf3 e5 4. Bc4 Be7 5. d3 d6 6. a3 Nf6 7. Bg5 Be6 8. Bxf6 Bxf6 9. Nd5 O-O 10. c3 Bg5 11. b4 b6 12. Qa4 Bd7 13. Bb5 Rc8 14. O-O Bh6 15. Bxc6 Bxc6 16. Qxa7 Bxd5 17. exd5 f5 18. bxc5 Rxc5 19. c4 b5 20. cxb5 Rxb5 21. Rfb1 Rxd5 22. Qa4 Qa8 23. Qb3 Kh8 24. a4 e4 25. Ne1 e3 26. Qb7 exf2+ 27. Kxf2 Qa5 28. Kf1 Be3 29. Qe7 1-0


[Site "https://www.chess.com"]

[Event "Titled Tuesday Blitz February 22 Early 2022"]
[White "Guliev, Logman"]
[Black "Hjartarson, Johann"]
[WhiteFideId "13400061"]
[BlackFideId "2300044"]
[WhiteElo "2128"]
[BlackElo "2484"]
[Result "0-1"]
[Round "09"]
[TimeControl "180+1"]
[Date "2022.02.22"]
[WhiteClock "0:00:10"]
[BlackClock "0:00:56"]

1. e4 c5 2. Nf3 e6 3. d4 cxd4 4. Nxd4 a6 5. Bd3 Nf6 6. O-O Qc7 7. Nc3 Bc5 8. Nb3 Be7 9. f4 d6 10. Be3 Nbd7 11. Kh1 b5 12. Qe2 Bb7 13. Rae1 b4 14. Nd1 Bxe4 15. Bxe4 Nxe4 16. Bd4 Nef6 17. f5 e5 18. Bg1 O-O 19. c3 d5 20. Qd3 Rfe8 21. Qh3 bxc3 22. Nxc3 d4 23. Ne4 Nxe4 24. Rxe4 Nf6 25. Rh4 Rac8 26. Re1 Bb4 27. Rf1 Qc2 28. Rf2 Qb1 29. g4 Qe4+ 30. Rg2 Rc2 31. g5 Qxg2+ 32. Qxg2 Rxg2 33. Kxg2 Nd5 34. Kf3 f6 35. a3 fxg5 36. Re4 g4+ 37. Ke2 Bd6 38. Nxd4 Rb8 39. b4 Nc3+ 40. Kd3 Nxe4 41. Kxe4 exd4 0-1


[Site "https://www.chess.com"]

[Event "Titled Tuesday Blitz February 22 Early 2022"]
[White "Guseva, Marina"]
[Black "Sarkar, Justin"]
[WhiteFideId "4149351"]
[BlackFideId "2010011"]
[WhiteElo "2232"]
[BlackElo "2038"]
[Result "1-0"]
[Round "09"]
[TimeControl "180+1"]
[Date "2022.02.22"]
[WhiteClock "0:00:03"]
[BlackClock "0:00:02"]

1. d4 Nf6 2. Nf3 d5 3. Bf4 Bf5 4. e3 e6 5. c4 Bb4+ 6. Nbd2 O-O 7. a3 Bd6 8. Ne5 c5 9. dxc5 Bxc5 10. b4 Bd6 11. c5 Bc7 12. Be2 Nbd7 13. Nxd7 Qxd7 14. Bxc7 Qxc7 15. O-O e5 16. Rc1 Rad8 17. Nb3 d4 18. exd4 exd4 19. Bf3 d3 20. Qd2 Be4 21. Bxe4 Nxe4 22. Qe3 Rfe8 23. h3 f5 24. Qf3 g6 25. Rfd1 d2 26. Rc2 Rd5 27. Na5 Red8 28. Qb3 Kg7 29. Qb2+ Kh6 30. Nc4 Rd4 31. Ne3 Qf7 32. f3 Ng3 33. Rcxd2 Ne2+ 34. Rxe2 Rxd1+ 35. Nxd1 Rxd1+ 36. Kh2 Qc7+ 37. Qe5 Qxe5+ 38. Rxe5 Rd3 39. Re7 Rxa3 40. Rxb7 1-0


[Site "https://www.chess.com"]

[Event "Titled Tuesday Blitz February 22 Early 2022"]
[White "Heinemann, Josefine"]
[Black "Bazarov, Konstantin"]
[WhiteFideId "12900460"]
[BlackFideId "4137000"]
[WhiteElo "2300"]
[BlackElo "2079"]
[Result "0-1"]
[Round "09"]
[TimeControl "180+1"]
[Date "2022.02.22"]
[WhiteClock "0:00:02"]
[BlackClock "0:00:07"]

1. Nf3 Nf6 2. g3 d6 3. Bg2 e5 4. d3 Be7 5. O-O O-O 6. c4 h6 7. Nc3 Be6 8. b4 c6 9. Bd2 Qc8 10. b5 Bh3 11. a4 Qg4 12. a5 Qh5 13. Qc2 c5 14. Rfb1 Bxg2 15. Kxg2 Nbd7 16. a6 b6 17. h3 Rfe8 18. Be3 Bf8 19. Nd2 Qg6 20. Nde4 Rad8 21. Kh2 Nh7 22. g4 Qe6 23. Rg1 g6 24. Nd5 Rc8 25. Rg3 Bg7 26. Rag1 Kh8 27. Qc1 g5 28. R3g2 f5 29. gxf5 Qxf5 30. Nxd6 Qe6 31. Nxc8 Rxc8 32. Bd2 Rf8 33. Bc3 Nhf6 34. Nxf6 Nxf6 35. Qe3 Nh5 36. Rg4 Qf5 37. f3 Nf6 38. R4g2 Nh5 39. Qe4 Qe6 40. Qg4 Qf7 41. Re1 Nf4 42. Rgg1 Bf6 43. Kh1 Ng6 44. Qf5 Qg7 45. e3 Bd8 46. Qg4 Kh7 47. f4 gxf4 48. exf4 Rxf4 49. Qg3 Qf6 50. Bxe5 Qf7 51. Bxf4 Nxf4 52. Ref1 Bc7 53. Qf3 Bd6 54. Qe4+ Kh8 55. Rg4 Qh5 56. Qf3 Ng6 57. Qf6+ Kh7 58. Qf7+ Kh8 59. Qf6+ Kh7 60. Qd8 Qxh3+ 61. Kg1 Qxg4+ 62. Kf2 Qf4+ 63. Ke2 Qg4+ 64. Kd2 Bf4+ 65. Kc2 Qg2+ 66. Kb3 Qxf1 67. Qd7+ Kg8 68. Qe8+ Kg7 69. Qd7+ Kf6 70. Qc6+ Kg5 71. Qe4 Ne5 0-1


[Site "https://www.chess.com"]

[Event "Titled Tuesday Blitz February 22 Early 2022"]
[White "Hess, Robert"]
[Black "Ivanisevic, Ivan"]
[WhiteFideId "2022036"]
[BlackFideId "912417"]
[WhiteElo "2557"]
[BlackElo "2495"]
[Result "1-0"]
[Round "09"]
[TimeControl "180+1"]
[Date "2022.02.22"]
[WhiteClock "0:00:08"]
[BlackClock "0:00:01"]

1. b3 b5 2. Bb2 Bb7 3. d3 Nf6 4. Nd2 g6 5. e3 Bg7 6. Ne2 O-O 7. Rg1 d6 8. g4 e5 9. h4 Nbd7 10. g5 Nd5 11. h5 Nc5 12. Ne4 Nxe4 13. dxe4 Nb6 14. Qd3 a5 15. f3 b4 16. Qd2 Nd7 17. O-O-O Nc5 18. Ng3 a4 19. Bc4 axb3 20. axb3 Ra2 21. Qxb4 Qa8 22. Qc3 Rb8 23. Kd2 Ba6 24. Bxa6 Qxa6 25. Ra1 Rxa1 26. Rxa1 Qc8 27. hxg6 hxg6 28. Ne2 Qh3 29. b4 Ne6 30. Rg1 Qxf3 31. Qc4 Qf2 32. Bc3 Bf8 33. Qd5 Be7 34. Qd3 Nxg5 35. Qc4 Ne6 36. Kc1 Kf8 37. Rxg6 Qxe3+ 38. Bd2 Qa3+ 39. Kd1 Qa1+ 40. Nc1 Nf4 41. Bxf4 exf4 42. Rg2 Qe5 43. Rf2 Bg5 44. Nd3 Qf6 45. Ke2 Re8 46. Qd5 Bh6 47. Kf3 Qg6 48. Rg2 Qe6 49. Qxe6 Rxe6 50. Rg4 Rf6 51. Rh4 Ke7 52. Rh5 Ke6 53. b5 Rg6 54. c4 Bg5 55. c5 Kd7 56. c6+ Ke6 57. Rh8 Kf6 58. Rc8 Bh6 59. Nxf4 Bxf4 60. Kxf4 Rg5 61. Rxc7 Rxb5 62. Rc8 Rc5 63. Ke3 Ke7 64. Kd4 Ke6 65. Re8+ Kf6 66. Rc8 Ke7 67. Rc7+ Ke6 68. Rc8 Rc1 69. Kd3 Ke7 70. Ke3 Rc5 71. Kd4 Kf6 72. Rh8 1-0


[Site "https://www.chess.com"]

[Event "Titled Tuesday Blitz February 22 Early 2022"]
[White "Hoffmann, Asa"]
[Black "Shohat, Yotam"]
[WhiteFideId "2001470"]
[BlackFideId "2813955"]
[WhiteElo "2117"]
[BlackElo "2119"]
[Result "0-1"]
[Round "09"]
[TimeControl "180+1"]
[Date "2022.02.22"]
[WhiteClock "0:00:04"]
[BlackClock "0:00:05"]

1. d4 Nf6 2. Bg5 Ne4 3. Bf4 e5 4. Bxe5 Nc6 5. Bg3 h5 6. f3 Nxg3 7. hxg3 Qg5 8. Kf2 h4 9. g4 Bd6 10. e3 Bg3+ 11. Ke2 d5 12. Nc3 O-O 13. Nh3 Qd8 14. a3 f5 15. g5 f4 16. Qd3 Bf5 17. Qb5 Nxd4+ 18. exd4 Qe7+ 19. Ne4 dxe4 20. Qd5+ Rf7 21. fxe4 Bxe4 22. Qe5 Re8 23. Qxe7 Rexe7 24. Kd2 f3 25. Bc4 fxg2 26. Rhg1 g6 27. Rae1 Kg7 28. Bxf7 Kxf7 29. Re2 Bf5 30. Nf2 Rxe2+ 31. Kxe2 h3 32. Nxh3 Bxh3 33. Kf3 Bd6 34. c4 Ke6 35. c5 Bh2 36. Re1+ Kf5 37. d5 g1=Q 38. Rxg1 Bxg1 39. d6 cxd6 40. cxd6 Ke6 41. d7 Kxd7 0-1


[Site "https://www.chess.com"]

[Event "Titled Tuesday Blitz February 22 Early 2022"]
[White "Hua, Lefong"]
[Black "Moskvin, Anatoly"]
[WhiteFideId "2602253"]
[BlackFideId "24199990"]
[WhiteElo "2571"]
[BlackElo "2079"]
[Result "1/2-1/2"]
[Round "09"]
[TimeControl "180+1"]
[Date "2022.02.22"]
[WhiteClock "0:01:32"]
[BlackClock "0:00:05"]

1. d4 Nf6 2. c4 c5 3. d5 b5 4. Qc2 bxc4 5. e4 e5 6. Bxc4 d6 7. Nf3 Be7 8. O-O O-O 9. Re1 Nbd7 10. Na3 Rb8 11. Bf1 Nb6 12. Nd2 Nh5 13. Nac4 f5 14. Na5 Bd7 15. exf5 Nxd5 16. Bc4 Nf6 17. Ne4 Qxa5 18. Nxf6+ Rxf6 19. Bxd5+ Kh8 20. Bd2 Qb6 21. Bc3 Bxf5 22. Be4 Rbf8 23. f3 c4+ 24. Kh1 Be6 25. Rad1 Rh6 26. Bd2 Rh5 27. Be3 Qa5 28. Bd2 Qb6 29. Be3 Qa5 30. Bd2 Qb6 1/2-1/2


[Site "https://www.chess.com"]

[Event "Titled Tuesday Blitz February 22 Early 2022"]
[White "Ianov, Viktor"]
[Black "Krylov, Ivan"]
[WhiteFideId "14102730"]
[BlackFideId "24128066"]
[WhiteElo "2215"]
[BlackElo "2258"]
[Result "0-1"]
[Round "09"]
[TimeControl "180+1"]
[Date "2022.02.22"]
[WhiteClock "0:02:00"]
[BlackClock "0:00:54"]

1. Nf3 d5 2. g3 Nf6 3. Bg2 e6 4. O-O Be7 5. d4 O-O 6. b3 b5 7. c4 bxc4 8. bxc4 Bb7 9. Ne5 Nbd7 10. Nc3 c6 11. Rb1 Rb8 12. Bf4 Nxe5 13. Bxe5 Bd6 14. Bxd6 Qxd6 15. e4 dxe4 16. Nxe4 Nxe4 17. Bxe4 Ba6 18. Qa4 Qxd4 19. Bxh7+ Kxh7 20. Qxa6 Rxb1 21. Rxb1 c5 22. Rb7 Kg6 23. Rxa7 Rd8 24. Qb7 Qf6 25. Qe4+ Kh6 26. Qe3+ Kg6 27. Qxc5 Qf3 0-1


[Site "https://www.chess.com"]